 Dungeon Crawl Stone Soup version 0.29.0-13-gc9e81de378 (webtiles) character file.

Game seed: 2650239428675979478

9 Artool the Cudgeller (level 2, 22/22 HPs)
             Began as a Demonspawn Gladiator on Sept 7, 2022.
             Quit the game on level 1 of the Dungeon.
             The game lasted 00:00:17 (243 turns).

Artool the Cudgeller (Demonspawn Gladiator)          Turns: 243, Time: 00:00:18

Health: 22/22      AC:  4    Str: 14    XL:     2   Next: 3%
Magic:  2/2        EV: 12    Int:  9    God:
Gold:   20         SH:  0    Dex: 14    Spells: 1/1 levels left

rFire   . . .      SeeInvis .   a - +0 flail
rCold   . . .      Faith    .   (no shield)
rNeg    . . .      Spirit   .   b - +0 leather armour
rPois   .          Reflect  .   c - +0 helmet
rElec   .          Harm     .   (no cloak)
rCorr   .          Rampage  .   (no gloves)
Will    .....                   (no boots)
Stlth   +.........              (no amulet)
HPRegen 0.07/turn               (no ring)
MPRegen 0.08/turn               (no ring)

@: no status effects
A: claws 1
a: no special abilities


You were on level 1 of the Dungeon.
You visited 1 branch of the dungeon, and saw 1 of its levels.

You collected 20 gold pieces.

Inventory:

Hand Weapons
 a - a +0 flail (weapon)
Missiles
 d - 3 throwing nets (quivered)
 e - a javelin
Armour
 b - a +0 leather armour (worn)
 c - a +0 helmet (worn)
Potions
 f - a potion of might {unknown}


   Skills:
 + Level 2.1 Fighting
 + Level 2.8 Maces & Flails
 + Level 1.9 Throwing
 + Level 0.4 Armour
 + Level 2.8 Dodging


You had one spell level left.
You didn't know any spells.
Your spell library contained the following spells:

 Spells                   Type           Power      Damage    Failure   Level
 Magic Dart               Conj           0%         1d3       45%         1
 Searing Ray              Conj           0%         2d4       61%         2
 Fulminant Prism          Conj/Hex       0%         3d6       99%         4


Dungeon Overview and Level Annotations

Branches:
Dungeon (1/15)

Altars:


Innate Abilities, Weirdness & Mutations

You have sharp fingernails.


Message History

HP restored.
Things that are here:
a +0 club; a goblin corpse You see here a +2 pair of gloves.
No target in view!
You now have 9 gold pieces.
Found a dagger.
No target in view!
An endoplasm comes into view.
Found a clear potion.
The endoplasm quivers.
You hit the endoplasm.
The endoplasm is severely wounded.
The endoplasm hits you.
You hit the endoplasm.
You kill the endoplasm!
No target in view!
f - a clear potion No target in view!
Found a leather armour.
Found an escape hatch in the floor.
No target in view!
You now have 20 gold pieces (gained 11).
A hobgoblin comes into view.
The hobgoblin shouts!
A hobgoblin is nearby!
A hobgoblin is nearby!
You hit the hobgoblin.
The hobgoblin is severely wounded.
The hobgoblin closely misses you.
You barely miss the hobgoblin.
The hobgoblin is severely wounded.
The hobgoblin hits you but does no damage.
The hobgoblin closely misses you.
You sock the hobgoblin!
You kill the hobgoblin!
You have reached level 2!
You feel monstrous as your demonic heritage exerts itself.
Your demonic ancestry asserts itself...
Your fingernails lengthen.
Are you sure you want to abandon this character and quit the game? (Confirm with "yes".)

..............###
##..###..........
##..###.#.########
.................#
..........######.# #
.............# #.#.#
##..#.#.>.######.#.###.#
........................
##..#...........@†..#
#..#..#..##...#.##.#
...................
..##..#..##...####..
#..##..#..##...# ##
..........##...#
...[...#.. ..... ... .
...#### #.# ...


There were no monsters in sight!

Vanquished Creatures
  2 endoplasms (D:1)
  A goblin (D:1)
  2 hobgoblins (D:1)
  A quokka (D:1)
  A rat (D:1)
7 creatures vanquished.

Notes
Turn   | Place    | Note
-------+----------+-------------------------------------------
     0 | D:1      | Artool the Demonspawn Gladiator began the quest for the
                  | Orb.
     0 | D:1      | Reached XP level 1. HP: 16/16 MP: 1/1
   243 | D:1      | Discovered your monstrous ancestry.
   243 | D:1      | Gained mutation: You have sharp fingernails. [demonic
                  | ancestry]
   243 | D:1      | Reached XP level 2. HP: 22/22 MP: 2/2
   243 | D:1      | Quit the game

Illustrated notes

Levels and vault maps discovered:
D:1:      nzn_arrival_depleted_hourglass, layout_basic,
          shapermc_ecumenical_altar_mp_vishouse

Action                   || total
-------------------------++-------
Melee: Flail             ||    12
Armor: Leather armour    ||     3
Dodge: Dodged            ||     4
